 Dungeon Crawl Stone Soup version 0.23-a0-275-g0cf4261 (webtiles) character file.

7580 CozyGlow the Cleaver (level 10, -2/95 (96) HPs)
             Began as a Minotaur Berserker on Oct 2, 2018.
             Was a High Priest of Trog.
             Hit by a large rock thrown by a stone giant (24 damage)
             ... on level 1 of the Orcish Mines.
             The game lasted 00:25:08 (8669 turns).

CozyGlow the Cleaver (Minotaur Berserker)           Turns: 8669, Time: 00:25:08

HP:   -2/95 (96)    AC: 10    Str: 24    XL:     10   Next: 97%
MP:   9/9           EV: 11    Int:  8    God:    Trog [*****.]
Gold: 612           SH:  0    Dex: 11    Spells: 9/9 levels left

rFire    + . .     SeeInvis .   g - +1 battleaxe (flame)
rCold    + . .     Gourm    .   (shield currently unavailable)
rNeg     . . .     Faith    .   B - +1 ring mail "Moiler" {Int+4 Slay+6}
rPois    .         Spirit   .   F - +2 hat
rElec    .         Reflect  .   n - scarf {rC+ rF+}
rCorr    .         Harm     .   (no gloves)
MR       +....                  (no boots)
Stlth    ++........             P - amulet of magic regeneration
HPRegen  0.25/turn              u - ring of stealth
MPRegen  0.36/turn              I - ring of protection from magic

@: no status effects
A: retaliatory headbutt, horns 2
a: Berserk, Trog's Hand, Brothers in Arms, Renounce Religion


You were on level 1 of the Orcish Mines.
You worshipped Trog.
Trog was extremely pleased with you.
You were not hungry.

You visited 2 branches of the dungeon, and saw 11 of its levels.

You collected 878 gold pieces.
You spent 266 gold pieces at shops.

Inventory:

Hand Weapons
 a - a +0 hand axe
 g - a +1 battleaxe of flaming (weapon)
 z - a +3 hand axe
 N - a +0 whip
Missiles
 q - 3 throwing nets (quivered)
 y - 11 exploding tomahawks
 E - 4 tomahawks of dispersal
 G - 68 arrows
Armour
 b - a +0 animal skin
 l - a scarf of spirit shield
 n - a scarf of resistance (worn)
 B - the +1 ring mail "Moiler" (worn) {Int+4 Slay+6}
   (You found it on level 5 of the Dungeon)

   It affects your intelligence (+4).
   It affects your accuracy and damage with ranged weapons and melee attacks
   (+6).
 D - a +1 cloak of magic resistance
 F - a +2 hat (worn)
Jewellery
 u - a ring of stealth (left hand)
 I - a ring of protection from magic (right hand)
 P - an amulet of magic regeneration (around neck)
Wands
 v - a wand of random effects (18)
 C - a wand of flame (55)
 J - a wand of polymorph (20)
Scrolls
 e - 2 scrolls of immolation
 h - 3 scrolls of blinking
 i - 2 scrolls of random uselessness {unknown}
 j - 5 scrolls of magic mapping
 k - 5 scrolls of amnesia
 r - a scroll of teleportation {unknown}
 w - a scroll of enchant weapon {unknown}
 A - a scroll of fog
 H - a scroll of vulnerability {unknown}
 K - 5 scrolls of remove curse
Potions
 d - 2 potions of curing
 f - 3 potions of agility
 m - a potion of magic
 o - 5 potions of haste
 p - a potion of cancellation
 s - 2 potions of lignification
 t - a potion of brilliance {unknown}
 x - a potion of invisibility {unknown}
 L - 2 potions of flight
 M - a potion of heal wounds {unknown}
Comestibles
 c - 16 rations
 O - 11 chunks of flesh


   Skills:
 + Level 11.5 Fighting
 + Level 14.0 Axes
 * Level 9.5 Armour
 - Level 2.1 Dodging


You had 9 spell levels left.
You didn't know any spells.
Your spell library was empty.

Dungeon Overview and Level Annotations

Branches:
Dungeon (10/15)            Temple (0/1) D:5            Lair (0/6) D:9
    Orc (1/2) D:10

Altars:
Ashenzari
Cheibriados
Elyvilon
Fedhas
Hepliaklqana
Makhleb
Okawaru
Ru
Trog
Wu Jian
Xom
Yredelemnul
The Shining One
Beogh

Shops:
D:6 (

Portals:
Trove: D:10 (give 9 potions of haste)


Innate Abilities, Weirdness & Mutations

You reflexively headbutt those who attack you in melee.
You have a pair of horns on your head.


Message History

A warg comes into view.
You see here a large rock.
Press: ? - help, v - describe, . - travel
Here: a stone giant The floor.
Your iron troll goes berserk!
You feel somewhat more hungry.
The warg howls!
Your iron troll bites the stone giant!!
Your iron troll claws the stone giant!
Your iron troll claws the stone giant!!
Something hits your iron troll!! The warg bites your iron troll!
The stone giant throws a large rock.
The large rock hits you!!!
* * * LOW HITPOINT WARNING * * *
You see here a large rock.
The warg barely misses your iron troll.
Your iron troll bites the warg!!!
The warg dies!
Trog accepts your kill.
The stone giant throws a large rock.
The large rock hits you!!
You die...

................##
.................##
......(.........#.##
.....(.........#...# #
...............##.## #.#
.....>............## ....
.#.................# .....
#...###.......#...###C.....
....#........#..@..(.T†.$..
#........)................#
###........................
#................#...##.#
##..................## #
#......#............#
##....#...............
##...<.....#........#.
#....##.......#.##.##


You could see a stone giant and a friendly iron troll (berserk).

Vanquished Creatures
  Harold (D:7)
  A two-headed ogre (D:9)
  An orc sorcerer (Orc:1)
  A guardian mummy (D:10)
  A troll (D:9)
  A hippogriff (D:9)
  4 yaks (D:9)
  3 ice beasts
  10 orc warriors
  A black bear (D:9)
  An eye of draining (D:8)
  A sky beast (D:9)
  A phantom (D:5)
  A centaur (D:7)
  A necrophage (D:5)
  5 ogres
  A big kobold (D:8)
  4 bullfrogs
  A water moccasin zombie (D:5)
  A wyvern zombie (D:8)
  A scorpion (D:9)
  A wyvern skeleton (D:10)
  5 howler monkeys
  A crimson imp (D:7)
  A jelly (D:6)
  A gnoll shaman (D:4)
  A quasit (D:5)
  2 bullfrog skeletons
  2 hounds
  Crazy Yiuf (D:7)
  9 orc priests
  16 orc wizards
  2 iguanas (D:7)
  11 worker ants
  2 hound zombies
  A hound skeleton (D:9)
  A howler monkey zombie (D:8)
  7 gnolls
  12 adders
  A shadow imp (D:9)
  An ooze (D:3)
  2 adder skeletons
  3 worms
  3 dart slugs
  6 leopard geckos
  80 orcs
  6 bats
  5 giant cockroaches
  12 goblins
  4 hobgoblins
  7 jackals
  8 quokkas
  A ball python skeleton (D:4)
  7 frilled lizards
  A giant cockroach zombie (D:3)
  2 jackal skeletons
  11 kobolds
  A leopard gecko zombie (D:3)
  A quokka skeleton (D:5)
  8 rats
288 creatures vanquished.

Vanquished Creatures (collateral kills)
  A warg (Orc:1)
1 creature vanquished.

Vanquished Creatures (others)
  A hound (D:7)
  2 gnolls (D:7)
  A leopard gecko (D:7)
  A withered plant (D:3)
5 creatures vanquished.

Grand Total: 294 creatures vanquished

Notes
Turn   | Place    | Note
-------+----------+-------------------------------------------
     0 | D:1      | CozyGlow the Minotaur Berserker began the quest for the
                  | Orb.
     0 | D:1      | Reached XP level 1. HP: 19/19 MP: 0/0
    83 | D:1      | Reached skill level 4 in Axes
   216 | D:1      | Reached XP level 2. HP: 21/27 MP: 1/1
   771 | D:2      | Reached XP level 3. HP: 33/33 MP: 2/2
   776 | D:2      | Found a snail-covered altar of Cheibriados.
   807 | D:2      | Reached ** piety under Trog
   947 | D:2      | Reached skill level 5 in Axes
   967 | D:2      | Reached XP level 4. HP: 23/41 MP: 3/3
  1497 | D:3      | Found a shattered altar of Ashenzari.
  1793 | D:3      | Found a shimmering altar of Xom.
  1861 | D:3      | Reached skill level 6 in Axes
  1870 | D:3      | Reached *** piety under Trog
  1880 | D:3      | Reached skill level 5 in Fighting
  1880 | D:3      | Reached XP level 5. HP: 12/48 MP: 2/4
  2176 | D:3      | Noticed an ogre
  2184 | D:3      | Killed an ogre
  2251 | D:3      | Found a burning altar of Makhleb.
  2251 | D:3      | Found a sacrificial altar of Ru.
  2257 | D:3      | Found a basalt altar of Yredelemnul.
  2259 | D:3      | Found an iron altar of Okawaru.
  2260 | D:3      | Found a blossoming altar of Fedhas.
  2269 | D:3      | Reached skill level 7 in Axes
  2269 | D:3      | Reached XP level 6. HP: 46/56 MP: 3/5
  2790 | D:4      | Reached **** piety under Trog
  2790 | D:4      | Reached skill level 8 in Axes
  2798 | D:4      | Reached XP level 7. HP: 31/63 MP: 6/6
  3222 | D:4      | Found an ornate altar of the Wu Jian Council.
  3777 | D:4      | Reached skill level 9 in Axes
  4222 | D:5      | Entered Level 5 of the Dungeon
  4358 | D:5      | Reached XP level 8. HP: 61/73 MP: 7/7
  4373 | D:5      | Found a hazy altar of Hepliaklqana.
  4426 | D:5      | Reached skill level 10 in Axes
  4459 | D:5      | Got a twisted ring mail
  4470 | D:5      | Identified the cursed +1 ring mail "Moiler" {Int+4 Slay+6}
                  | (You found it on level 5 of the Dungeon)
  4547 | D:5      | Found a staircase to the Ecumenical Temple.
  4716 | D:5      | Reached ***** piety under Trog
  5086 | D:6      | Found an iron altar of Okawaru.
  5118 | D:6      | Found Poibuu's Antique Weapon Boutique.
  5126 | D:6      | Bought a glowing battleaxe for 266 gold pieces
  5218 | D:6      | Found a white marble altar of Elyvilon.
  5449 | D:6      | Found a bloodstained altar of Trog.
  5653 | D:7      | Found a runed door.
  5657 | D:7      | Noticed Crazy Yiuf
  5661 | D:7      | Killed Crazy Yiuf
  5712 | D:7      | Reached skill level 11 in Axes
  5841 | D:7      | Found a shimmering altar of Xom.
  5876 | D:7      | Reached XP level 9. HP: 67/82 MP: 8/8
  6067 | D:7      | Noticed Harold
  6076 | D:7      | Killed Harold
  6076 | D:7      | Reached skill level 12 in Axes
  6806 | D:9      | Reached skill level 10 in Fighting
  6809 | D:9      | Found a glowing golden altar of the Shining One.
  6830 | D:9      | Reached skill level 13 in Axes
  6857 | D:9      | Reached skill level 5 in Armour
  6874 | D:9      | Found a roughly hewn altar of Beogh.
  6887 | D:9      | Reached XP level 10. HP: 94/94 MP: 9/9
  6889 | D:9      | Received a gift from Trog
  7110 | D:9      | Noticed a two-headed ogre
  7113 | D:9      | Killed a two-headed ogre
  7460 | D:9      | Found a staircase to the Lair.
  7641 | D:10     | Entered Level 10 of the Dungeon
  7847 | D:10     | Found a staircase to the Orcish Mines.
  8293 | D:10     | Found a portal to a secret trove of treasure.
  8557 | Orc:1    | Entered Level 1 of the Orcish Mines
  8592 | Orc:1    | Noticed an orc sorcerer
  8597 | Orc:1    | Killed an orc sorcerer
  8597 | Orc:1    | Reached skill level 14 in Axes
  8609 | Orc:1    | Received a gift from Trog
  8664 | Orc:1    | Noticed a stone giant
  8669 | Orc:1    | Hit by a large rock thrown by a stone giant

Vault maps used:
D:1:      lemuel_arrival_cross
D:2:      cheibriados_altar_1, minmay_pentomino_o2
D:3:      cheibrodos_ashenzari_chains, xom_butterflies,
          chequers_temple_overflow_minitemple, serial_undead, serial_undead_f,
          serial_undead_a, serial_undead_c, serial_undead_c, serial_undead_e,
          serial_undead_d, first_ration, minmay_misc_feat_tiny
D:4:      marbit_many_paths
D:5:      lemuel_coloured_pillars_altar, temple_statues
D:6:      kennysheep_little_box, lemuel_doored_altar, serial_shops, shop,
          okawaru_metal_pillars_1_2
D:7:      xom_confusion_cloud, uniq_harold, uniq_crazy_yiuf_cottage
D:9:      tso_metal_star, lair_entry_dummy
D:10:     hiddenorc1_lemuel, nicolae_trove_entry_path_of_doom
Orc:1:    minmay_orc_temple_c

Skill      XL: |  1  2  3  4  5  6  7  8  9 10 |
---------------+-------------------------------+-----
Axes           | 4 5 6 7 8 9 11 13 14 | 14.0
Fighting       | 4 5 6 7 8 10 11 | 11.5
Armour         | 5 9 |  9.5
Dodging        | |  2.1

Action                   |  1- 3 |  4- 6 |  7- 9 | 10-12 || total
-------------------------+-------+-------+-------+-------++-------
Melee: Hand axe          |    73 |   139 |   118 |       ||   330
       Headbutt          |     7 |    21 |    39 |    20 ||    87
       Battleaxe         |       |       |    84 |    97 ||   181
Throw: Throwing net      |       |       |       |     1 ||     1
Invok: Berserk           |       |     3 |     4 |     4 ||    11
       Trog's Hand       |       |       |       |     1 ||     1
       Brothers in Arms  |       |       |       |     1 ||     1
Evoke: Wand              |       |     8 |       |       ||     8
  Use: Scroll            |       |     4 |    12 |     1 ||    17
 Stab: Sleeping          |     2 |       |     2 |     1 ||     5
  Eat: Chunk             |       |     9 |    12 |    11 ||    32
       Ration            |       |       |     1 |       ||     1
Armor: Animal skin       |    11 |       |       |       ||    11
       Ring mail         |       |    35 |    35 |    23 ||    93
       Chain mail        |       |     8 |    26 |       ||    34
Dodge: Dodged            |    51 |    61 |    81 |    37 ||   230

Table legend:
 A = Non-vault XP
 B = Vault XP
 C = Vault XP percentage of total XP
 D = Non-vault monster count
 E = Vault monster count
 F = Vault count percentage of total count
                 A         B        C        D         E       F
            +---------+---------+-------+---------+---------+-------
      Total |    8117 |    2712 |  25.0 |     230 |      59 |  20.4
            +---------+---------+-------+---------+---------+-------
        D:1 |      40 |       0 |   0.0 |      25 |       0 |   0.0
        D:2 |     103 |       1 |   1.0 |      25 |       1 |   3.8
        D:3 |     211 |      30 |  12.4 |      24 |       5 |  17.2
        D:4 |     710 |      34 |   4.6 |      36 |       1 |   2.7
        D:5 |     872 |       0 |   0.0 |      30 |       0 |   0.0
        D:6 |      92 |       0 |   0.0 |       2 |       0 |   0.0
        D:7 |     637 |    1258 |  66.4 |      19 |       7 |  26.9
        D:8 |     415 |       0 |   0.0 |      15 |       0 |   0.0
        D:9 |    3157 |     781 |  19.8 |      24 |      27 |  52.9
       D:10 |     852 |     608 |  41.6 |      19 |      18 |  48.6
      Orc:1 |    1028 |       0 |   0.0 |      11 |       0 |   0.0
            +---------+---------+-------+---------+---------+-------
